 Dungeon Crawl Stone Soup version 0.27.0 (webtiles) character file.

Game seed: 4858657063731522449

1045 sanka the Destroyer (level 8, -1/55 HPs)
             Began as a Palentonga Conjurer on July 30, 2021.
             Slain by a two-headed ogre (20 damage)
             ... on level 6 of the Dungeon.
             The game lasted 00:11:11 (6785 turns).

sanka the Destroyer (Palentonga Conjurer)           Turns: 6785, Time: 00:11:11

Health: -1/55      AC: 11    Str: 11    XL:     8   Next: 4%
Magic:  0/12       EV:  9    Int: 20    God:
Gold:   308        SH:  5    Dex:  9    Spells: 6/13 levels left

rFire    . . .     SeeInvis +   q - +2 falchion (vamp)
rCold    . . .     Faith    .   (no shield)
rNeg     . . .     Spirit   .   a - +0 robe
rPois    .         Reflect  +   (no helmet)
rElec    .         Harm     .   h - scarf {+Inv}
rCorr    .         Rampage  .   (no gloves)
Will     .....                  (no barding)
Stlth    +.........             s - amulet of reflection
HPRegen  0.18/turn              (no ring)
MPRegen  0.13/turn              y - ring of wizardry

@: curled up
A: large, rugged brown scales 3, see invisible, deformed body, roll 1, armoured
tail, reflexive curl
a: Rolling Charge, Evoke Invisibility


You were on level 6 of the Dungeon.
You visited 1 branch of the dungeon, and saw 6 of its levels.

You collected 308 gold pieces.


Innate Abilities, Weirdness & Mutations

You are completely covered in rugged brown scales. (AC +3, +7% HP)
You have supernaturally acute eyesight. (SInv)
Armour fits poorly on your strangely shaped body.
You can roll at nearby foes to attack.
You have a long armoured tail.
You curl defensively after being hit.


   Skills:
 - Level 1.5 Dodging
 - Level 1.2 Stealth
 - Level 3.0 Spellcasting
 - Level 8.0 Conjurations
 + Level 4.5 Hexes


You had 6 spell levels left.
You knew the following spells:

 Your Spells              Type           Power      Damage    Failure   Level
x - Searing Ray           Conj           70%        3d5       1%          2
z - Magic Dart            Conj           100%       1d8       1%          1
Z - Fulminant Prism       Conj/Hex       14%        3d9       4%          4

Your spell library contained the following spells:

 Spells                   Type           Power      Damage    Failure   Level
 Dazzling Flash           Conj/Hex       56%        N/A       1%          3
 Mephitic Cloud           Conj/Pois/Air  13%        N/A       6%          3
 Call Imp                 Summ           3%         N/A       9%          2
 Corpse Rot               Necr/Air       N/A        N/A       9%          2
 Poisonous Vapours        Pois/Air       6%         N/A       9%          2
 Iskenderun's Mystic Bla  Conj/Tloc      19%        2d6       11%         4
 Freezing Cloud           Conj/Ice/Air   6%         6-21      45%         5

Inventory:

Hand Weapons
 i - a +0 war axe
 q - a +2 vampiric falchion (weapon)
Armour
 a - a +0 robe (worn)
 h - a scarf of invisibility (worn)
Magical Staves
 n - a staff of conjuration {!a}
Jewellery
 s - an amulet of reflection (around neck)
 y - a ring of wizardry (right hand)
Wands
 k - a wand of polymorph (9)
Scrolls
 b - 3 scrolls of magic mapping {unknown}
 d - a scroll of teleportation {unknown}
 f - 2 scrolls of immolation {unknown}
 j - 3 scrolls of identify {unknown}
 m - a scroll of brand weapon {unknown}
 p - a scroll of silence {unknown}
 r - 2 scrolls of enchant weapon {unknown}
 t - 2 scrolls of enchant armour {unknown}
 w - a scroll of fear {unknown}
Potions
 c - a potion of attraction {unknown}
 e - 2 potions of degeneration {unknown}
 g - a potion of might {unknown}
 l - a potion of brilliance {unknown}
 o - a potion of lignification {unknown}
 u - a potion of mutation {unknown}
 v - a potion of curing {unknown}
 x - a potion of flight {unknown}

Dungeon Overview and Level Annotations

Branches:
Dungeon (6/15)             Temple (0/1) D:5

Altars:
Fedhas
Makhleb
Nemelex Xobeh
Wu Jian
The Shining One
Beogh

Shops:
D:3 (

Annotations:
D:4 exclusion: oklob plant

......▒ ......+ ... ......▒ ▒.▒
......▒ ▒.▒ ......▒ ▒.▒ ......▒
▒▒▒▒▒▒ ▒.▒ ▒▒▒▒▒▒▒ ▒....▒▒▒▒▒ ▒.▒
▒▒▒▒▒▒▒▒▒........▒▒▒▒▒▒▒▒.▒▒▒▒▒▒▒
........).......HO.*........†....
▒▒▒▒▒▒▒▒▒........▒▒▒▒▒'▒▒▒▒▒▒▒▒.▒
▒ ▒....▒▒▒▒▒...........▒▒.▒ ▒▒▒▒
▒....▒ ▒........:.....▒ ▒..▒▒▒
▒....▒ ▒...........▒▒▒▒
▒....▒▒▒▒▒▒▒▒▒▒▒ ▒...........▒
▒▒.............▒ ▒...........▒
...............▒ ▒...........▒
▒..............▒ ▒...[.......▒


You could see a two-headed ogre (ally target) and a friendly fulminant prism.


Message History

The two-headed ogre closely misses you.
Your fulminant prism crackles loudly.
Really fire in your fulminant prism's direction?
Okay, then.
You stop channeling your searing ray.
You block the two-headed ogre's attack.
The two-headed ogre hits you with a +0 giant spiked club.
Your fulminant prism explodes!
The blast of energy engulfs the two-headed ogre!
The two-headed ogre is heavily wounded.
You hear a shout!
You hear a shout!
You hear a howl!
Unknown command.
Unknown command.
There is an open door here.
Aiming: Fulminant Prism (dangerous; 4% risk of failure)
You conjure a prism of explosive energy!
A fulminant prism comes into view.
The two-headed ogre barely misses you.
The two-headed ogre hits you with a +0 giant spiked club!
* * * LOW HITPOINT WARNING * * *
Okay, then.
You feel a sense of dread.
q - a +2 vampiric falchion (weapon)
You barely miss the two-headed ogre.
The two-headed ogre is heavily wounded.
Your fulminant prism crackles loudly.
The two-headed ogre hits you with a +0 great mace!!
You die...

Action                   |  1- 3 |  4- 6 |  7- 9 || total
-------------------------+-------+-------+-------++-------
Melee: Unarmed           |    13 |     2 |       ||    15
       War axe           |       |     1 |       ||     1
       Falchion          |       |       |     1 ||     1
 Cast: Magic Dart        |    79 |    41 |    45 ||   165
       Searing Ray       |     3 |    18 |    11 ||    32
       Fulminant Prism   |       |     2 |     3 ||     5
Armor: Robe              |     8 |     4 |     5 ||    17
Dodge: Dodged            |    24 |     7 |    11 ||    42
Block: Other             |       |       |     5 ||     5

Levels and vault maps discovered:
D:1:      ldierk_walled_garden, layout_basic
D:2:      layout_basic, shapermc_ecumenical_altar_mp_urbaneastern
D:3:      layout_basic, serial_shops, nicolae_shop_stone, serial_bayou_pond_c
D:4:      layout_basic, nzn_wu_jian_council_hall, makhleb_blood_cavern_becter,
          tgw_fedhas, mainiacjoe_overflow_big_doors, hangedman_feature_mirror,
          kennysheep_orc_chapel
D:5:      layout_rooms, temple_green, kennysheep_generic_room_2
D:6:      layout_basic

Notes
Turn   | Place    | Note
-------+----------+-------------------------------------------
     0 | D:1      | sanka the Palentonga Conjurer began the quest for the Orb.
     0 | D:1      | Reached XP level 1. HP: 13/13 MP: 3/3
   505 | D:1      | Reached XP level 2. HP: 17/20 MP: 0/5
   559 | D:1      | Learned a level 2 spell: Searing Ray
   770 | D:1      | Reached skill level 4 in Conjurations
  1024 | D:1      | Reached XP level 3. HP: 21/25 MP: 1/7
  1794 | D:1      | Reached skill level 3 in Spellcasting
  2608 | D:2      | Reached XP level 4. HP: 32/32 MP: 6/8
  2631 | D:2      | Found a faded altar of an unknown god.
  2934 | D:2      | Reached skill level 5 in Conjurations
  3427 | D:3      | Found Ilacycw's Antique Weapon Shoppe.
  3798 | D:3      | Reached XP level 5. HP: 37/37 MP: 1/9
  4323 | D:4      | Found a sparkling altar of Nemelex Xobeh.
  4331 | D:4      | Found a glowing golden altar of the Shining One.
  4376 | D:4      | Noticed an ogre
  4388 | D:4      | Killed an ogre
  4389 | D:4      | Reached skill level 6 in Conjurations
  4389 | D:4      | Reached XP level 6. HP: 34/43 MP: 4/10
  4476 | D:4      | Noticed a steam dragon
  4484 | D:4      | Killed a steam dragon
  4672 | D:4      | Reached skill level 7 in Conjurations
  4866 | D:4      | Found an ornate altar of the Wu Jian Council.
  4946 | D:4      | Found a blossoming altar of Fedhas.
  4968 | D:4      | Noticed an oklob plant
  4975 | D:4      | Learned a level 4 spell: Fulminant Prism
  5115 | D:4      | Gained mutation: You curl defensively after being hit.
                  | [Palentonga growth]
  5115 | D:4      | Reached XP level 7. HP: 47/49 MP: 2/11
  5377 | D:4      | Found a burning altar of Makhleb.
  5848 | D:5      | Entered Level 5 of the Dungeon
  5876 | D:5      | Reached skill level 8 in Conjurations
  5921 | D:5      | Reached skill level 1 in Hexes
  6089 | D:5      | Reached skill level 2 in Hexes
  6278 | D:5      | Found a staircase to the Ecumenical Temple.
  6287 | D:5      | Reached skill level 3 in Hexes
  6671 | D:6      | Reached skill level 4 in Hexes
  6671 | D:6      | Reached XP level 8. HP: 55/55 MP: 7/12
  6748 | D:6      | Noticed a two-headed ogre
  6785 | D:6      | Slain by a two-headed ogre

Vanquished Creatures
  A steam dragon (D:4)
  A necrophage (D:6)
  An ogre (D:4)
  2 phantoms
  A howler monkey (D:3)
  A bullfrog zombie (D:6)
  A jelly (D:5)
  A centaur skeleton (D:4)
  2 orc priests (D:4)
  3 hounds
  A bullfrog skeleton (D:4)
  An iguana (D:5)
  An orc wizard (D:2)
  7 gnolls
  9 adders
  A shadow imp (D:6)
  3 worms (D:2)
  2 dart slugs (D:1)
  7 orcs
  7 bats
  7 endoplasms
  3 giant cockroaches
  4 goblins
  3 hobgoblins
  9 jackals
  8 quokkas
  10 ball pythons
  3 frilled lizards (D:1)
  2 kobolds (D:1)
  3 rats (D:3)
105 creatures vanquished.

Vanquished Creatures (others)
  4 fulminant prisms
  8 fungi
  9 plants
  5 toadstools (D:1)
26 creatures vanquished.

Grand Total: 131 creatures vanquished
